cohdb
Replays
Latest Replays
All Replays
Popular Replays
Top Player Replays
Match Explorer
How It Works
Community
CoH3 Stats
Reddit
Sign in to upload your games and track your stats! →
Sign in with Steam
Match 40889405
Unlisted
Match 40889405
Overview
Messages
Build Orders
End
Pioneer Squad
Construct Infanterie Kompanie
Selects Terror Battlegroup
Selects Machine Gun Camouflage
Grenadier Squad
MG 42 Machine Gun Team
Grenadier Squad
Infanterie Officer Quarters
Construct Panzergrenadier Kompanie
Panzergrenadier Squad
Grenadier Squad
Panzergrenadier Officer Quarters
Selects Interrogate
Selects Propaganda Leaflet Drop
Medical Bunker
MG 42 Machine Gun Team
Pak 40 Anti-tank Gun Team
Support Elements
StuG III G Assault Gun
Nebelwerfer 42 Rocket Launcher Team
PE--nagisa
只愛❤毛妹
0
0
Comments
sign in to comment!
No comments posted yet!